 Dungeon Crawl Stone Soup version 0.21-a0-531-gacddea6 (webtiles) character file.

10 Gerstahl the Slasher (level 2, 23/23 HPs)
             Began as a Demonspawn Gladiator on Dec 12, 2017.
             Quit the game on level 1 of the Dungeon.
             The game lasted 00:00:13 (318 turns).

Gerstahl the Slasher (Demonspawn Gladiator)          Turns: 318, Time: 00:00:13

Health: 23/23      AC:  4    Str: 14    XL:     2   Next: 10%
Magic:  2/2        EV: 12    Int:  9    God:
Gold:   0          SH:  0    Dex: 14    Spells: 1/1 levels left

rFire    . . .     SeeInvis .   a - +0 long sword
rCold    . . .     Gourm    .   (no shield)
rNeg     . . .     Faith    .   b - +0 leather armour
rPois    .         Spirit   .   c - +0 helmet
rElec    .         Reflect  .   (no cloak)
rCorr    .         Harm     .   (no gloves)
MR       .....                  (no boots)
Stlth    +.........             (no amulet)
HPRegen  0.07/turn              (no ring)
MPRegen  0.08/turn              (no ring)

@: no status effects
A: sanguine armour 1
a: no special abilities


You were on level 1 of the Dungeon.
You were not hungry.

You visited 1 branch of the dungeon, and saw 1 of its levels.

Inventory:

Hand Weapons
 a - a +0 long sword (weapon)
Missiles
 d - 3 throwing nets (quivered)
Armour
 b - a +0 leather armour (worn)
 c - a +0 helmet (worn)
Jewellery
 e - a +2 ring of intelligence {unknown}
Scrolls
 g - a scroll of blinking {unknown}
Potions
 h - a potion of degeneration {unknown}
 i - a potion of haste {unknown}
Comestibles
 f - a bread ration


   Skills:
 + Level 2.4 Fighting
 + Level 3.0 Long Blades
 - Level 1.7 Throwing
 - Level 2.6 Dodging


You had one spell level left.
You didn't know any spells.

Dungeon Overview and Level Annotations

Branches:
Dungeon (1/15)

Altars:


Innate Abilities, Weirdness & Mutations

When seriously injured, your bleeding wounds create armour. (AC +0)


Message History

A rat is nearby!
You hit the rat but do no damage. The rat bites you but does no damage.
A rat is nearby!
You slash the rat!
You kill the rat!
Your Long Blades skill increases to level 3!
A dart slug comes into view.
The dart slug launches a dart at you. The slug dart misses you.
A dart slug is nearby!
You hit the dart slug.
The dart slug is heavily wounded.
The dart slug barely misses you.
A dart slug is nearby!
You slash the dart slug!
You kill the dart slug!
You have reached level 2!
Your demonic ancestry asserts itself...
You feel your blood ready itself to protect you.
Are you sure you want to abandon this character and quit the game? (Confirm with "yes".)

#.#####.##......#.####..####
#.# #.......#####......>...#
#.#.....##.## ######.###.#
#.#.......... #.# #.#
#.#....###.### #.# #.#
#.#.... ....# #.# #.#
#.#.... ..#.# #.# #.#
#.#....#####.######.##.# #.#
#.#..........@......##.# #.#
#.##########.#########.# #.#
#............# #.###.#
############## #.....#
#######


There were no monsters in sight!

Vanquished Creatures
  A dart slug (D:1)
  A goblin (D:1)
  A frilled lizard (D:1)
  3 kobolds (D:1)
  3 rats (D:1)
9 creatures vanquished.

Notes
Turn   | Place    | Note
-------+----------+-------------------------------------------
     0 | D:1      | Gerstahl the Demonspawn Gladiator began the quest for the Orb.
     0 | D:1      | Reached XP level 1. HP: 16/16 MP: 1/1
   291 | D:1      | Reached skill level 3 in Long Blades
   317 | D:1      | Gained mutation: When seriously injured, your bleeding wounds create armour. (AC +0) [demonic ancestry]
   317 | D:1      | Reached XP level 2. HP: 23/23 MP: 2/2
   318 | D:1      | Quit the game

Vault maps used:
D:1:      dpeg_arrival_pits

Skill      XL: |  1 |
---------------+----+-----
Long Blades    | 3 |  3.0
Fighting       | |  2.4
Throwing       | |  1.7
Dodging        | |  2.6

Action                   || total
-------------------------++-------
Melee: Long sword        ||    20
Armor: Leather armour    ||     4
Dodge: Dodged            ||    14
       Rpst.: Long sword ||     5

Table legend:
 A = Spawn XP
 B = Non-spawn XP
 C = Spawn XP percentage of total XP
 D = Spawn monster count
 E = Non-spawn monster count
 F = Spawn count percentage of total count
 G = Total turns spent on level
                    A         B        C        D         E        F      G
               +---------+---------+-------+---------+---------+-------+---------
         Total |       0 |      15 |   0.0 |       0 |       9 |   0.0 |   318
               +---------+---------+-------+---------+---------+-------+---------
           D:1 |       0 |      15 |   0.0 |       0 |       9 |   0.0 |   318
               +---------+---------+-------+---------+---------+-------+---------
